 Dungeon Crawl Stone Soup version 0.30.0-10-gfe55d96785 (webtiles) character file.

Game seed: 14484700029016790580

114 Nebwen the Magician (level 5, 0/35 HPs)
             Began as a Djinni Ice Elementalist on May 15, 2023.
             Slain by an iguana (10 damage)
             ... on level 4 of the Dungeon on May 16, 2023.
             The game lasted 00:05:47 (1365 turns).

Nebwen the Magician (Djinni Ice Elementalist)       Turns: 1365, Time: 00:05:47

Health: 0/35       AC:  2    Str:  7    XL:     5   Next: 19%
Gold:   62         EV: 12    Int: 19    God:
                   SH:  0    Dex: 13

rFire   + + .        d - +0 dagger (protect)
rCold   x . .        (no shield)
rNeg    . . .        a - +0 robe
rPois   ∞            (no helmet)
rElec   .            (no cloak)
rCorr   .            (no gloves)
SInv    .            (boots unavailable)
Will    .....        (no amulet)
Stlth   ++           (no ring)
HPRegen 0.25/turn    (no ring)
MPRegen 0.00/turn

%: infuse magic (-1 HP)
@: flying
A: sickness immunity, fire resistance 2, cold vulnerability 1, float, innate
caster, HP casting, extra vitality 1
a: no special abilities


You were on level 4 of the Dungeon.
You visited 1 branch of the dungeon, and saw 4 of its levels.

You collected 62 gold pieces.

Inventory:

Hand Weapons
 d - a +0 dagger of protection (weapon)
Armour
 a - a +0 robe (worn)
Wands
 f - a wand of quicksilver (2)
Scrolls
 b - 2 scrolls of blinking
 e - 3 scrolls of identify
Potions
 c - a potion of degeneration {unknown}


   Skills:
 * Level 0.1 Armour
 * Level 2.5 Dodging
 * Level 2.1 Stealth
 * Level 4.3 Spellcasting
 * Level 1.1 Evocations


You knew the following spells:

 Your Spells              Type           Power      Damage    Failure   Level
a - Freeze                Ice            80%        1d9       2%          1
b - Frozen Ramparts       Ice            40%        1d7       7%          3
c - Ozocubu's Armour      Ice            20%        N/A       7%          3
d - Summon Ice Beast      Ice/Summ       20%        N/A       22%         4
e - Sandblast             Erth           40%        2d10      2%          1
f - Ensorcelled Hibernat  Hex/Ice        40%        N/A       3%          2
Your spell library was empty.

Dungeon Overview and Level Annotations

Branches:
Dungeon (4/15)
 Temple: D:4-7

Altars:

Shops:
D:1 !


Innate Abilities, Weirdness & Mutations

You are immune to sickness and miasma.
You are immune to poison.
Your flesh is very heat resistant. (rF++)
You are vulnerable to cold. (rC-)
You float through the air rather than walking.
You learn spells naturally, not from books.
Your magical power is your life essence.
You have superior vitality. (+4 MHP)


Message History

You hit the orc but do no damage.
Your weapon exudes an aura of protection.
The wall freezes the orc but does no damage.
The orc closely misses you.
You hit the orc.
The orc is heavily wounded.
The wall freezes the orc but does no damage.
The orc hits you with a +0 whip.
Aiming: Freeze (safe; 2% risk of failure)
Press: ? - help, Q - select action, (/) - cycle Shift-Dir - straight line, f - orc
Aim: an orc, wielding a +0 whip and wearing a +0 leather armour (heavily wounded)
You freeze the orc!
You kill the orc!
Your magical contamination has completely faded away.
The frozen ramparts melt away.
You see here a +0 club.
Things that are here:
a +0 dagger; an orc corpse You see here a +0 club.
Things that are here:
a +0 whip; a +0 leather armour
Found a rapier.
An iguana comes into view.
You see here 17 gold pieces.
You now have 62 gold pieces (gained 17).
A giant cockroach comes into view.
The iguana bites you! The iguana attacks as you move away!
The iguana bites you!
* * * LOW HITPOINT WARNING * * *
Aiming: Quicksilver Bolt
Press: ? - help, Shift-Dir - straight line, f - iguana
Aim: an iguana (75% to hit)
The bolt of dispelling energy hits the iguana!
The iguana is almost dead.
The iguana completely misses you.
Unknown command.
You barely miss the iguana.
The iguana is almost dead.
The iguana bites you!
You die...

..#.##...###.#..#.#
.....(..<..#.......<# .
..........#.####.#.# ..
...........)).....###
..............)........
###.#.###...########..##
......#.....##.... .....
###...>........... ...##
.....).@l......... ....
###.#####...##.##. #...#
.# #...# # #...# #...B
##....


You could see an iguana.

Vanquished Creatures
  An orc priest (D:3)
  An orc wizard (D:3)
  An ufetubus (D:4)
  A worm (D:3)
  2 dart slugs
  5 orcs
  5 endoplasms
  4 goblins
  A hobgoblin (D:3)
  4 kobolds
  3 quokkas
  4 ball pythons
  4 bats
  5 rats
41 creatures vanquished.

Notes
Turn   | Place    | Note
-------+----------+-------------------------------------------
     0 | D:1      | Nebwen the Djinni Ice Elementalist began the quest for the
                  | Orb.
     0 | D:1      | Nebwen set off with the following spells memorised: Freeze,
                  | Frozen Ramparts, Ozocubu's Armour, Summon Ice Beast.
     0 | D:1      | Reached XP level 1. HP: 15/15 MP: 0/0
   199 | D:1      | Reached XP level 2. HP: 13/21 MP: 0/0
   304 | D:1      | Found Tihet Uxi's Distillery.
   452 | D:2      | Reached XP level 3. HP: 21/25 MP: 0/0
   452 | D:2      | Learned a level 1 spell: Sandblast
   863 | D:3      | Reached skill level 4 in Spellcasting
  1188 | D:3      | HP: 1/25 [something/magic dart (6)]
  1191 | D:3      | Reached skill level 1 in Evocations
  1191 | D:3      | Reached XP level 4. HP: 8/31 MP: 0/0
  1195 | D:3      | Reached XP level 5. HP: 10/35 MP: 0/0
  1195 | D:3      | Learned a level 2 spell: Ensorcelled Hibernation
  1365 | D:4      | Slain by an iguana

Illustrated notes

Levels and vault maps discovered:
D:1:      kilobyte_arrival_exit_the_forest, layout_basic, serial_shops,
          nicolae_shop_industrial_runoff, nrook_campfire, minmay_tromino_v2
D:2:      layout_basic, eino_tiny_chamber
D:3:      layout_basic
D:4:      layout_basic, nicolae_overflow_hidden_temple

Skill      XL: |  1  2  3 |
---------------+----------+-----
Spellcasting   | 4 |  4.3
Stealth        | 2 |  2.1
Evocations     | 1 |  1.1
Armour         | |  0.1
Dodging        | |  2.5

Action                     |  1- 3 |  4- 6 || total
---------------------------+-------+-------++-------
  Melee: Dagger            |       |     5 ||     5
   Cast: Freeze            |    46 |     3 ||    49
         Frozen Ramparts   |     3 |     1 ||     4
         Sandblast         |     2 |       ||     2
  Evoke: Wand              |     1 |     2 ||     3
    Use: Scroll            |     2 |       ||     2
         Potion            |     2 |       ||     2
 Armour: Robe              |     7 |     1 ||     8
  Dodge: Dodged            |    41 |     7 ||    48
